 Dungeon Crawl Stone Soup version 0.29-a0-1033-gb6c65ffae6 (webtiles) character file.

Game seed: 4459066019923632922

5168 tatocazan the Fanfare of Bloodshed (level 10, -3/77 HPs)
             Began as a Demonspawn Fighter on Aug 14, 2022.
             Was a Believer of Makhleb.
             Slain by a two-headed ogre
             ... wielding a +0 giant spiked club
              (22 damage)
             ... on level 9 of the Dungeon.
             The game lasted 00:11:15 (8104 turns).

tatocazan the Fanfare of Bloodshed (DsFi)           Turns: 8104, Time: 00:11:16

Health: -3/77      AC: 19    Str: 21    XL:     10   Next: 34%
Magic:  16/16      EV: 10    Int: 15    God:    Makhleb [**....]
Gold:   487        SH:  5    Dex: 13    Spells: 9/9 levels left

rFire   . . .      SeeInvis .   a - +1 war axe (flame)
rCold   . . .      Faith    .   c - +0 buckler
rNeg    . . .      Spirit   .   k - +1 plate armour
rPois   .          Reflect  .   (no helmet)
rElec   .          Harm     .   (no cloak)
rCorr   .          Rampage  .   e - +0 pair of gloves
Will    .....                   F - +0 pair of boots
Stlth   ..........              (no amulet)
HPRegen 0.22/turn               D - +6 ring of intelligence
MPRegen 0.15/turn               b - +4 ring of evasion

@: no status effects
A: yellow scales 2, spiny 1, weakness stinger 2
a: Renounce Religion, Minor Destruction


You were on level 9 of the Dungeon.
You worshipped Makhleb.
Makhleb was pleased with you.
You visited 2 branches of the dungeon, and saw 10 of its levels.
You also visited: Ossuary.

You collected 487 gold pieces.

Inventory:

Hand Weapons
 a - a +1 war axe of flaming (weapon)
 g - a +0 hand axe of venom
Missiles
 i - 12 poisoned darts (quivered)
Armour
 c - a +0 buckler (worn)
 e - a +0 pair of gloves (worn)
 k - a +1 plate armour (worn)
 y - the +4 skin of Zhor {*Englaciate rC+++ SInv}
   (You found it on level 8 of the Dungeon)

   It radiates cold, occasionally slowing all nearby creatures who are not
   resistant to cold.
   rC:        It renders you almost immune to cold.
   SInv:      It lets you see invisible.
 F - a +0 pair of boots (worn)
Jewellery
 b - a +4 ring of evasion (right hand)
 m - a ring of magical power
 D - a +6 ring of intelligence (left hand)
Wands
 h - a wand of iceblast (7)
 r - a wand of mindburst (7)
Scrolls
 f - 5 scrolls of identify
 l - 2 scrolls of vulnerability
 n - a scroll of blinking
 o - a scroll of brand weapon
 t - 2 scrolls of enchant armour
 B - 2 scrolls of magic mapping
 C - a scroll of teleportation {unknown}
Potions
 d - 2 potions of might
 j - 4 potions of brilliance {unknown}
 p - 3 potions of mutation
 q - 3 potions of berserk rage {unknown}
 s - 3 potions of curing
 u - a potion of attraction {unknown}
 v - a potion of resistance {unknown}
 w - 3 potions of flight {unknown}
 x - 4 potions of heal wounds
 z - a potion of magic {unknown}
 A - a potion of invisibility {unknown}


   Skills:
 + Level 6.7 Fighting
 * Level 8.0 Axes
 + Level 6.9 Armour
 + Level 6.1 Shields
 * Level 8.5 Invocations


You had 9 spell levels left.
You didn't know any spells.
Your spell library contained the following spells:

 Spells                   Type           Power      Damage    Failure   Level
 Apportation              Tloc           0%         N/A       100%        1
 Sandblast                Erth           0%         2d4       100%        1
 Sting                    Tmut/Pois      0%         1d3       100%        1
 Passwall                 Tmut/Erth      0%         N/A       100%        2
 Poisonous Vapours        Pois/Air       0%         N/A       100%        2
 Sublimation of Blood     Necr           0%         N/A       100%        2
 Call Canine Familiar     Summ           0%         N/A       100%        3
 Portal Projectile        Hex/Tloc       0%         N/A       100%        3
 Stone Arrow              Conj/Erth      0%         3d7       100%        3
 Leda's Liquefaction      Hex/Erth       0%         N/A       100%        4
 Olgreb's Toxic Radiance  Pois           0%         N/A       100%        4
 Petrify                  Tmut/Erth      0%         N/A       100%        4
 Alistair's Intoxication  Tmut/Pois      0%         N/A       100%        5
 Irradiate                Conj/Tmut      0%         3d11      100%        5


Dungeon Overview and Level Annotations

Branches:
Dungeon (9/15)             Temple (1/1) D:5         Ossuary (visited)
   Lair: D:8-11         Orc: D:9-12

Altars:
Ashenzari
Dithmenos
Fedhas
Gozag
Hepliaklqana
Kikubaaqudgha
Makhleb
Nemelex Xobeh
Okawaru
Qazlal
Ru
Sif Muna
Trog
Uskayaw
Vehumet
Wu Jian
Xom
Yredelemnul

Annotations:
D:3 1 runed translucent door, Crazy Yiuf


Innate Abilities, Weirdness & Mutations

You are mostly covered in yellow scales. (AC +3)
You are partially covered in sharp spines.
You have a tail ending in a sharp stinger.


Message History

You take 7 damage, and have 63/77 hp.
You closely miss the two-headed ogre.
The two-headed ogre is almost dead.
The two-headed ogre hits you with a +0 giant spiked club!!
The two-headed ogre hits you with a +0 giant spiked club!
* * * LOW HITPOINT WARNING * * *
You hear a shout!
You are too injured to fight recklessly!
You are too injured to fight recklessly!
You take 45 damage, and have 18/77 hp.
MASSIVE DAMAGE!!
You are too injured to fight recklessly!
You are too injured to fight recklessly!
You are too injured to fight recklessly!
You are too injured to fight recklessly!
You are too injured to fight recklessly!
You are too injured to fight recklessly!
You are too injured to fight recklessly!
You are too injured to fight recklessly!
You are too injured to fight recklessly!
You are too injured to fight recklessly!
You are too injured to fight recklessly!
You are too injured to fight recklessly!
You are too injured to fight recklessly!
You are too injured to fight recklessly!
You are too injured to fight recklessly!
You are too injured to fight recklessly!
You are too injured to fight recklessly!
You are too injured to fight recklessly!
You are too injured to fight recklessly!
You barely miss the two-headed ogre.
Your tail-slap misses the two-headed ogre.
The two-headed ogre is almost dead.
You hear a shout!
An orc priest comes into view. It is wielding a +0 short sword.
The orc wizard gestures wildly while chanting.
The orc wizard flickers and vanishes!
Deactivating autopickup; reactivate with Ctrl-A.
The two-headed ogre barely misses you.
The two-headed ogre hits you with a +0 giant spiked club!!
You die...

..# ####.# ### .......
..# ### .... .####.# ..
# ... ..##.### .# .# ..
#.##.#.###.###..#
.#######.##.#...........
......................>.
.#######.##.#...@...#..
.#######.##.#..o#O#.#
............#...#...#
.#######.#####..#{..# .#
#.# #..#..... ## #.#
#......... .. #.#
#.#.o...... ### ... ..
##..### ...


You could see a two-headed ogre, an orc priest and an orc.

Vanquished Creatures
  A two-headed ogre (D:8)
  Joseph (D:7)
  4 rime drakes (D:8)
  Grinder (D:3)
  Eustachio (D:5)
  3 black bears
  Duvessa (D:7)
  An orc warrior (D:9)
  A sky beast (D:8)
  An ogre (D:5)
  3 phantoms
  A kobold brigand (D:8)
  5 bullfrogs
  2 scorpions
  Dowan (D:7)
  9 killer bees
  3 howler monkeys (D:7)
  A human zombie (Ossuary)
  A centaur zombie (Ossuary)
  3 hounds
  3 jellies
  2 orc priests
  5 iguanas
  Natasha (thrice) (D:3)
  6 orc wizards
  2 human skeletons (D:4)
  4 mummies (Ossuary)
  3 gnolls (D:6)
  8 adders
  2 ufetubi
  A worm (D:3)
  5 dart slugs
  32 orcs
  4 ball pythons
  4 bats
  8 endoplasms
  3 giant cockroaches
  3 goblins
  3 hobgoblins
  6 jackals
  8 kobolds
  6 quokkas
  6 frilled lizards
  4 goblin zombies (Ossuary)
  2 kobold zombies (Ossuary)
  2 orc skeletons (D:4)
  2 orc zombies (D:4)
  5 rats
186 creatures vanquished.

Notes
Turn   | Place    | Note
-------+----------+-------------------------------------------
     0 | D:1      | tatocazan the Demonspawn Fighter began the quest for the
                  | Orb.
     0 | D:1      | Reached XP level 1. HP: 18/18 MP: 1/1
   244 | D:1      | Gained mutation: You are partially covered in sharp spines.
                  | [demonic ancestry]
   244 | D:1      | Reached XP level 2. HP: 24/24 MP: 2/2
   386 | D:1      | Found a faded altar of an unknown god.
   946 | D:2      | Reached XP level 3. HP: 29/29 MP: 3/3
  1527 | D:3      | Gained mutation: You have a small tail. [demonic ancestry]
  1527 | D:3      | Reached XP level 4. HP: 35/35 MP: 4/4
  1647 | D:3      | Noticed Grinder
  1670 | D:3      | Killed Grinder
  1671 | D:3      | Gained mutation: You are partially covered in yellow
                  | scales. (AC +2) [demonic ancestry]
  1671 | D:3      | Reached XP level 5. HP: 33/42 MP: 5/5
  1671 | D:3      | Gained mutation: You have a tail ending in a sharp stinger.
                  | [demonic ancestry]
  1671 | D:3      | Reached XP level 6. HP: 37/48 MP: 6/6
  1906 | D:3      | Noticed Natasha
  1913 | D:3      | Killed Natasha
  2262 | D:3      | Noticed Natasha
  2271 | D:3      | Killed Natasha
  2389 | D:3      | Noticed Natasha
  2395 | D:3      | Killed Natasha
  2523 | D:3      | Found a runed translucent door.
  2524 | D:3      | Noticed Crazy Yiuf
  2663 | D:4      | Found a sand-covered staircase.
  2674 | Ossuary  | Entered an ossuary
  3080 | Ossuary  | Gained mutation: You are mostly covered in yellow scales.
                  | (AC +3) [demonic ancestry]
  3080 | Ossuary  | Reached XP level 7. HP: 54/54 MP: 7/7
  3548 | D:4      | Found a sparkling altar of Nemelex Xobeh.
  3554 | D:4      | Reached skill level 5 in Armour
  4241 | D:5      | Entered Level 5 of the Dungeon
  4251 | D:5      | Found a staircase to the Ecumenical Temple.
  4260 | D:5      | Reached skill level 5 in Axes
  4265 | D:5      | Reached XP level 8. HP: 61/61 MP: 8/8
  4267 | Temple   | Entered the Ecumenical Temple
  4673 | Temple   | Became a worshipper of Makhleb the Destroyer
  4885 | D:5      | Reached skill level 1 in Invocations
  5055 | D:5      | Reached skill level 5 in Fighting
  5095 | D:5      | Noticed Eustachio
  5116 | D:5      | Killed Eustachio
  6107 | D:7      | Noticed Dowan
  6108 | D:7      | Noticed Duvessa
  6111 | D:7      | Killed Dowan
  6115 | D:7      | Killed Duvessa
  6116 | D:7      | Reached skill level 5 in Shields
  6303 | D:7      | Noticed Joseph
  6317 | D:7      | Reached XP level 9. HP: 33/68 MP: 12/12
  6322 | D:7      | Killed Joseph
  6323 | D:7      | Reached skill level 5 in Invocations
  6562 | D:7      | Reached * piety under Makhleb
  7588 | D:8      | Noticed a rime drake
  7588 | D:8      | Noticed a rime drake
  7589 | D:8      | Noticed a rime drake
  7589 | D:8      | Noticed a rime drake
  7595 | D:8      | Killed a rime drake
  7598 | D:8      | Killed a rime drake
  7599 | D:8      | Killed a rime drake
  7600 | D:8      | Reached XP level 10. HP: 46/77 MP: 15/15
  7727 | D:8      | Noticed a two-headed ogre
  7729 | D:8      | Found the +4 skin of Zhor {*Englaciate rC+++ SInv}
  7756 | D:8      | Killed a two-headed ogre
  7970 | D:9      | Reached ** piety under Makhleb
  8095 | D:9      | Noticed a two-headed ogre
  8104 | D:9      | Slain by a two-headed ogre

Illustrated notes

Levels and vault maps discovered:
D:1:      giann_horns, layout_basic, basic_ecumenical_altar
D:2:      layout_basic, minmay_misc_feat_more_columns
D:3:      layout_basic, serial_glass, glass_columns_b, glass_columns_a,
          glass_columns_a, glass_columns_b, glass_columns_a, glass_columns_b,
          glass_columns_b, glass_columns_a, glass_columns_b, glass_columns_a,
          glass_columns_a, glass_columns_b, glass_columns_b, glass_columns_c,
          minmay_strange_pillars, item_on_display_a, kennysheep_generic_room_11,
          uniq_grinder, uniq_natasha, uniq_crazy_yiuf_cottage
D:4:      layout_loops_ring, mainiacjoe_overflow_brackets,
          nicolae_ossuary_entry_catacombs
D:5:      layout_rooms, minmay_temple_entry_arrows, uniq_eustachio
D:6:      layout_loops_ring
D:7:      layout_basic, uniq_joseph, uniq_duvessa
D:8:      layout_rooms, hellmonk_guarded_unrand_zhor
D:9:      layout_basic, mainiacjoe_overflow_tiny_flanked
Temple:   mainiacjoe_temple_big_plus

Skill      XL: |  1  2  3  4  5  6  7  8  9 10 |
---------------+-------------------------------+-----
Axes           | 2 3 4 5 6 7 8 |  8.0
Armour         | 3 4 5 6 |  6.9
Shields        | 3 4 5 6 |  6.1
Fighting       | 4 5 6 |  6.7
Invocations    | 4 7 8 |  8.5

Action                   |  1- 3 |  4- 6 |  7- 9 | 10-12 || total
-------------------------+-------+-------+-------+-------++-------
Melee: War axe           |    81 |    99 |   242 |    28 ||   450
       Tailslap          |       |    13 |    29 |     7 ||    49
Evoke: Wand              |       |       |       |     1 ||     1
  Use: Scroll            |     2 |     1 |    10 |       ||    13
       Potion            |       |     1 |     3 |       ||     4
Armor: Scale mail        |    32 |       |       |       ||    32
       Chain mail        |    13 |       |       |       ||    13
       Plate armour      |     3 |    42 |   177 |    13 ||   235
Dodge: Dodged            |    33 |    18 |    90 |    21 ||   162
Block: Buckler           |    15 |    19 |    56 |    14 ||   104

Table legend: (Time is in decaauts)
 A = Elapsed time spent in this place.
 B = Non-inter-level travel time spent in this place.
 C = Inter-level travel time spent in this place.
 D = Time resting spent in this place.
 E = Time spent auto-exploring this place.
 F = Levels seen in this place.
 G = Mean time per level.
                   A        B        C        D        E       F      G
               +--------+--------+--------+--------+--------+-----+--------+
         Total |   8254 |   7881 |    373 |    841 |   5709 |  11 |  750.4 |
       Dungeon |   7385 |   7033 |    352 |    653 |   5183 |   9 |  820.6 |
        Temple |    428 |    407 |     21 |      0 |    372 |   1 |  428.0 |
       Ossuary |    440 |    440 |      0 |    188 |    154 |   1 |  440.0 |
               +--------+--------+--------+--------+--------+-----+--------+

Top non-repeatable levels by time:
     D:7: 1512 daAuts
     D:4: 1271 daAuts
     D:3: 1091 daAuts
     D:1: 877 daAuts
     D:2: 667 daAuts
     D:5: 643 daAuts
     D:8: 592 daAuts
     D:6: 587 daAuts
 Ossuary: 440 daAuts
  Temple: 428 daAuts
     D:9: 141 daAuts
